 Dungeon Crawl Stone Soup version 0.30-a0-141-g30f27751c5 (webtiles) character file.

Game seed: 16567708814614474672

62 qw the Chopper (level 4, -3/28 HPs)
             Began as a Gargoyle Fighter on Sept 25, 2022.
             Slain by Sigmund
             ... wielding a +0 vorpal scythe
              (9 damage)
             ... on level 2 of the Dungeon.
             The game lasted 00:00:39 (1869 turns).

qw the Chopper (Gargoyle Fighter)                   Turns: 1869, Time: 00:00:39

Health: -3/28      AC: 11    Str: 21    XL:     4   Next: 8%
Magic:  4/4        EV:  9    Int:  9    God:
Gold:   43         SH:  4    Dex:  9    Spells: 3/3 levels left

rFire   . . .      SeeInvis .    Y - +0 war axe
rCold   . . .      Faith    .    c - +0 buckler
rNeg    + . .      Spirit   .    b - +0 scale mail
rPois   inf        Reflect  .    k - +1 hat
rElec   +          Harm     .    (no cloak)
rCorr   .          Rampage  .    (no gloves)
Will    .....                    (no boots)
Stlth   ..........               (no amulet)
HPRegen 0.09/turn                (no ring)
MPRegen 0.09/turn                (no ring)

@: no status effects
A: sickness immunity, AC +3, negative energy resistance 1, electricity
resistance, torment resistance 1, petrification resistance
a: no special abilities


You were on level 2 of the Dungeon.
You visited 1 branch of the dungeon, and saw 2 of its levels.

You collected 43 gold pieces.


Innate Abilities, Weirdness & Mutations

You are immune to sickness and miasma.
Your stone body is resilient. (AC +3)
You are immune to poison.
You resist negative energy. (rN+)
You are resistant to electric shocks. (rElec)
You are resistant to unholy torment.
You are immune to petrification.


   Skills:
 - Level 3.2 Fighting
 + Level 3.8 Axes
 - Level 3.2 Armour
 - Level 3.2 Shields


You had 3 spell levels left.
You didn't know any spells.
Your spell library was empty.

Inventory:

Hand Weapons
 a - a +0 flail
 Y - a +0 war axe (weapon)
Missiles
 g - 5 boomerangs (quivered)
Armour
 b - a +0 scale mail (worn)
 c - a +0 buckler (worn)
 k - a +1 hat (worn)
 m - a +0 plate armour
Jewellery
 l - a ring of wizardry
Scrolls
 h - a scroll of identify {unknown}
 n - a scroll of teleportation
Potions
 d - 2 potions of might
 e - a potion of magic {unknown}
 f - a potion of berserk rage {unknown}
 i - a potion of curing {unknown}
 j - a potion of invisibility {unknown}

Dungeon Overview and Level Annotations

Branches:
Dungeon (2/15)

Altars:

Annotations:
D:2 Sigmund


Message History

Something hits you but does no damage.
You bump into the rock wall.
The hobgoblin shouts!
You hear a shout!
Something hits you but does no damage.
You barely miss something.
The hobgoblin throws a stone.
The stone hits you but does no damage. Something completely misses you.
You bump into the rock wall.
The hobgoblin throws a stone.
The stone hits you but does no damage. Something hits you.
You feel less confused. You block the hobgoblin's attack.
You closely miss the hobgoblin. You closely miss something.
A goblin comes into view. It is wielding a +0 dagger.
The hobgoblin hits you but does no damage.
You block something's attack.
You closely miss the hobgoblin. You completely miss something.
The hobgoblin hits you but does no damage.
The goblin unwields a +0 dagger.
The goblin wields a +0 sling.
The goblin shoots a sling bullet.
You block the sling bullet. Something hits you but does no damage.
The hobgoblin hits you but does no damage.
The goblin shoots a sling bullet.
You block the sling bullet.
You hit the hobgoblin.
You kill the hobgoblin!
You barely miss something. Something hits you but does no damage.
The goblin shoots a sling bullet.
The sling bullet hits you.
The goblin unwields a +0 sling.
The goblin wields a +0 dagger.
You block the goblin's attack. Something hits you.
You closely miss the goblin. You miss something.
The goblin hits you but does no damage. Something hits you but does no damage.
You slash the goblin!
You kill the goblin!
You slash something! You hit something. Something hits you!
You closely miss something. Something hits you!
You die...

. . # #.# ># .#
#...# .###.
#..#..# .... #..#
#..# ## ...# #..#
#..# .## ...##..#
#..##..# #..#...#
#.).#..# .#...#
#@{(# .##..##
##..## .###..##
##..### .# ##..##
##..##.# .#
##..## ##..###.#
## ###..###..##
#.#
#.##).#..#####.#
##..##...##.....#
##
#...###.##..#####


There were no monsters in sight!

Vanquished Creatures
  A gnoll (D:1)
  An adder (D:2)
  A dart slug (D:2)
  2 ball pythons (D:1)
  3 bats
  5 endoplasms
  2 giant cockroaches
  2 goblins (D:2)
  4 hobgoblins
  4 jackals
  4 kobolds (D:1)
  2 quokkas
  A frilled lizard (D:1)
  3 rats (D:1)
35 creatures vanquished.

Notes
Turn   | Place    | Note
-------+----------+-------------------------------------------
     0 | D:1      | qw the Gargoyle Fighter began the quest for the Orb.
     0 | D:1      | Reached XP level 1. HP: 14/14 MP: 1/1
     0 | D:1      | 0 ||| qw: Version: 0.2-a-10-g399e6c4
     0 | D:1      | 0 ||| qw: Game counter: 390
     0 | D:1      | 0 ||| qw: Always use a shield: true
     0 | D:1      | 0 ||| qw: God list: Okawaru
     0 | D:1      | 0 ||| qw: Allow faded altars: false
     0 | D:1      | 0 ||| qw: Do Orc after D:15 true
     0 | D:1      | 0 ||| qw: Do second Lair branch before Depths: true
     0 | D:1      | 0 ||| qw: Lair rune preference: random
     0 | D:1      | 0 ||| qw: Plans: Normal, Zot:1-4, God:TSO, Crypt, Tomb,
                  | Pan, Slime:5, Hells, Abyss, Orb
     0 | D:1      | 0 ||| PLANNING D:1-11
   142 | D:1      | 142 ||| Stepping ~*~*~tactically~*~*~ (stealth).
   152 | D:1      | Reached XP level 2. HP: 19/19 MP: 2/2
   477 | D:1      | 477 ||| Stepping ~*~*~tactically~*~*~ (stealth).
   671 | D:1      | Reached skill level 3 in Axes
   812 | D:1      | Reached XP level 3. HP: 9/23 MP: 3/3
  1369 | D:1      | 1369 ||| UPGRADING to +1 hat.
  1374 | D:1      | 1374 ||| DROPPING ring of magical power.
  1375 | D:1      | 1375 ||| READING 2 scrolls labelled UMECIPLYICW.
  1376 | D:1      | 1376 ||| READING scroll labelled YGAZESU PUFEZE.
  1379 | D:1      | 1379 ||| DROPPING scroll of blinking.
  1470 | D:2      | 1470 ||| DROPPING +0 whip.
  1768 | D:2      | 1768 ||| Stepping ~*~*~tactically~*~*~ (hiding).
  1821 | D:2      | Reached XP level 4. HP: 28/28 MP: 4/4
  1821 | D:2      | 1821 ||| Stepping ~*~*~tactically~*~*~ (stealth).
  1849 | D:2      | Noticed Sigmund
  1868 | D:2      | HP: 6/28 [something (3)]
  1869 | D:2      | Slain by Sigmund

Levels and vault maps discovered:
D:1:      dpeg_arrival_more_subterranean_lakeside_camping, layout_loops_corners,
          grunt_decor_cap
D:2:      minmay_alternating_diamond, layout_loops_ring, nicolae_wormholes,
          uniq_sigmund, uniq_jessica

Skill      XL: |  1  2 |
---------------+-------+-----
Axes           | 2 3 |  3.8
Fighting       | |  3.2
Armour         | |  3.2
Shields        | |  3.2

Action                   |  1- 3 |  4- 6 || total
-------------------------+-------+-------++-------
Melee: War axe           |   115 |    15 ||   130
Throw: Boomerang         |     8 |       ||     8
  Use: Scroll            |     2 |       ||     2
 Stab: Distracted        |       |     1 ||     1
Armor: Scale mail        |    62 |    17 ||    79
Dodge: Dodged            |    60 |     7 ||    67
Block: Buckler           |    21 |     7 ||    28

Table legend:
 A = Non-vault XP
 B = Vault XP
 C = Vault XP percentage of total XP
 D = Non-vault monster count
 E = Vault monster count
 F = Vault count percentage of total count
                 A         B        C        D         E       F
            +---------+---------+-------+---------+---------+-------
      Total |      85 |       4 |   4.5 |      33 |       2 |   5.7
            +---------+---------+-------+---------+---------+-------
        D:1 |      51 |       0 |   0.0 |      22 |       0 |   0.0
        D:2 |      34 |       4 |  10.5 |      11 |       2 |  15.4
            +---------+---------+-------+---------+---------+-------
